 Dungeon Crawl Stone Soup version 0.18.1-8-gdd0e5ea (webtiles) character file.

1292 Lul the Slasher (level 8, 0/61 HPs)
             Began as a Human Chaos Knight on June 7, 2016.
             Killed by nerve-wracking pain
             ... invoked by an orc priest
              (14 damage)
             ... on level 6 of the Dungeon.
             The game lasted 00:29:37 (6390 turns).

Lul the Slasher (Human Chaos Knight)                Turns: 6390, Time: 00:29:37

Health: 0/61       AC:  9    Str: 15    XL:     8   Next: 86%
Magic:  10/10      EV: 14    Int:  9    God:    Xom [.*....]
Gold:   367        SH:  0    Dex: 13    Spells: 2 memorised, 7 levels left

rFire  . . .     SeeInvis .     a - +1 falchion (chaos)
rCold  + . .     Gourm    .     b - +2 leather armour
rNeg   . . .     Faith    .     (no shield)
rPois  .         Spirit   .     (no helmet)
rElec  .         Dismiss  .     q - +0 cloak
rCorr  .         Reflect  .     d - +1 pair of gloves
SustAt .         Harm     .     u - +0 pair of boots
MR     .....                    (no amulet)
Stlth  ++........               w - -3 ring of intelligence (curse)
                                B - ring of protection from cold

@: flying, not resistant to hostile enchantments, unstealthy
A: no striking features
a: Renounce Religion


You were on level 6 of the Dungeon.
You worshipped Xom.
You were a plaything of Xom.
You were not hungry.

You visited 1 branch of the dungeon, and saw 6 of its levels.
You visited the Abyss 1 time.

You collected 367 gold pieces.

Inventory:

Hand Weapons
 a - a +1 falchion of chaos (weapon)
 k - a +0 long sword
Armour
 b - a +2 leather armour (worn)
 d - a +1 pair of gloves (worn)
 m - a +1 chain mail of fire resistance
 o - a fire dragon hide
 q - a +0 cloak (worn)
 u - a +0 pair of boots (worn)
Jewellery
 h - an uncursed ring of ice
 j - an uncursed ring of stealth
 p - an uncursed ring of wizardry
 w - a cursed -3 ring of intelligence (right hand)
 B - a ring of protection from cold (left hand)
Wands
 e - a wand of random effects (26/48)
 l - a wand of digging (13/24)
 z - a wand of acid (4/15)
 C - a wand of lightning (11/15)
Scrolls
 r - 2 scrolls of blinking
 y - 2 scrolls of teleportation
 A - a scroll of magic mapping
Potions
 f - a potion of curing
 s - a potion of cure mutation
Books
 n - a book of Alchemy

   Spells                             Type                      Level
   a - Sublimation of Blood           Necromancy                   2
   b - Ignite Poison                  Fire/Transmutation/Poison    3
   c - Petrify                        Transmutation/Earth          4
   d - Alistair's Intoxication        Transmutation/Poison         5
   e - Irradiate                      Conjuration/Transmutation    5
 v - a book of Necromancy

   Spells                             Type                      Level
   a - Pain                           Necromancy                   1
   b - Animate Skeleton               Necromancy                   1
   c - Vampiric Draining              Necromancy                   3
   d - Regeneration                   Charms/Necromancy            3
   e - Animate Dead                   Necromancy                   4
   f - Control Undead                 Necromancy                   4
Miscellaneous
 x - a legendary deck of changes
Comestibles
 c - 6 bread rations
 i - 4 meat rations
 t - 6 fruits


   Skills:
 + Level 4.4 Fighting
 + Level 6.0 Long Blades
 + Level 3.4 Armour
 + Level 5.5 Dodging
 + Level 4.1 Stealth
 + Level 1.3 Spellcasting
 + Level 1.8 Necromancy


You had 7 spell levels left.
You knew the following spells:

 Your Spells              Type           Power        Failure   Level  Hunger
a - Animate Skeleton      Necr           N/A          21%         1    ##.....
b - Pain                  Necr           #...         21%         1    ##.....


Dungeon Overview and Level Annotations

Branches:
Dungeon (6/15)
 Temple: D:4-7

Altars:
Ashenzari
Cheibriados
Gozag
Makhleb
Okawaru
Sif Muna
Xom
The Shining One

Annotations:
D:3 exclusion: door


Message History

Your ufetubus hits the orc priest but does no damage.
Your ufetubus barely misses the orc priest. x2
Your ufetubus barely misses the orc priest.
Your ufetubus completely misses the orc priest.
The orc priest barely misses your ufetubus.
Your ufetubus barely misses the orc priest.
Your ufetubus hits the orc priest. The orc priest misses your ufetubus.
Your ufetubus closely misses the orc priest.
Your ufetubus hits the orc priest.
The orc priest dies!
Your Long Blades skill increases to level 6!
Drink which item? (? for menu, Esc to quit)
It was a potion of flight.
You feel very buoyant.
You fly up into the air.
You swap places.
The orc priest calls down the wrath of Beogh upon you.
Pain shoots through your body!
You die...
Xom bursts into laughter!

.............# #........#
##..#####.###.## #........#
...#####.###..####........#
#......†....$.............#
####.......##..##.........#
#........##.##.........#
######........##.##....######
..............##5##....#
..............##@##....########.
.........$....†o.5..............
..............##.##.#.#.#######.
..............##.##.#............
..............##..#.###.########.
......#######.###.#.###.##...#.#.
...... #.# #..............#.
##+### #.# ##..###.##.#.#.#. #.#
#.. .........#.#.#.#.


You could see an orc priest, a crimson imp and a friendly ufetubus.

Vanquished Creatures
  Eustachio (D:5)
  An ice beast (D:4)
  A centaur (D:5)
  4 giant frogs (D:6)
  A howler monkey (D:6)
  A crimson imp (D:5)
  A giant frog zombie (D:5)
  A centaur zombie (D:5)
  A jelly (Abyss:1)
  4 hounds
  A quasit (D:5)
  An iguana (D:5)
  An orc wizard (D:4)
  5 worker ants
  A worker ant zombie (D:5)
  A gnoll (shapeshifter) (D:5)
  A howler monkey skeleton (D:5)
  7 adders
  A shadow imp (D:6)
  An ooze (D:6)
  3 worms
  2 dart slugs
  4 giant geckos
  11 orcs
  2 ball pythons
  3 giant cockroaches
  5 goblins
  7 hobgoblins
  9 jackals
  3 quokkas
  7 bats
  A giant gecko skeleton (D:4)
  3 giant newts
  9 kobolds
  10 rats
115 creatures vanquished.

Vanquished Creatures (collateral kills)
  An orc priest (D:6)
  An adder (D:4)
  An orc (D:4)
  A quokka (D:4)
4 creatures vanquished.

Vanquished Creatures (others)
  An ice beast (D:5)
1 creature vanquished.

Grand Total: 120 creatures vanquished

Notes
Turn   | Place    | Note
--------------------------------------------------------------
     0 | D:1      | Lul the Human Chaos Knight began the quest for the Orb.
     0 | D:1      | Reached XP level 1. HP: 18/18 MP: 1/1
   146 | D:1      | XOM: harmless Chrm miscast
   236 | D:1      | XOM: divination: detect creatures
   247 | D:1      | Reached XP level 2. HP: 24/24 MP: 2/2
   633 | D:1      | Found a glowing golden altar of the Shining One.
   705 | D:1      | XOM: potion effect (berserk rage)
   707 | D:1      | Reached XP level 3. HP: 29/29 MP: 3/3
   902 | D:1      | XOM is BORED!
   902 | D:1      | XOM: medium Conj miscast
  1554 | D:2      | XOM: god gift: glowing chain mail {god gift}
  1691 | D:2      | Reached XP level 4. HP: 31/35 MP: 4/4
  2026 | D:2      | XOM: cast spell 'Dragon Form'
  2264 | D:2      | XOM: vitrification
  2601 | D:3      | XOM: 2-stop teleportation journey
  2779 | D:3      | Reached skill level 1 in Stealth
  3115 | D:3      | XOM: confusion (+ monsters)
  3171 | D:3      | Reached XP level 5. HP: 41/41 MP: 5/5
  3239 | D:3      | XOM: god gift: oblong paperback book {god gift}
  3243 | D:3      | Learned a level 1 spell: Animate Skeleton
  3245 | D:3      | Learned a level 1 spell: Pain
  3379 | D:3      | Found a deep blue altar of Sif Muna.
  3505 | D:4      | Reached skill level 4 in Long Blades
  3561 | D:4      | XOM: 1-stop teleportation journey
  3607 | D:4      | Noticed an ice beast
  3608 | D:4      | XOM: destruction
  3616 | D:4      | Killed an ice beast
  3616 | D:4      | Reached skill level 1 in Spellcasting
  3616 | D:4      | Reached skill level 1 in Necromancy
  3616 | D:4      | Reached XP level 6. HP: 47/48 MP: 4/7
  4039 | D:5      | Entered Level 5 of the Dungeon
  4039 | D:5      | Found an opulent altar of Gozag.
  4047 | D:5      | Noticed Eustachio
  4062 | D:5      | XOM: swap monsters
  4084 | D:5      | Killed Eustachio
  4084 | D:5      | Reached XP level 7. HP: 21/54 MP: 8/8
  4221 | D:5      | XOM: god gift: legendary deck of cards {god gift}
  4319 | D:5      | Noticed Crazy Yiuf
  4326 | D:5      | Cast into level 1 of the Abyss (Crazy Yiuf)
  4420 | Abyss:1  | Noticed a freezing wraith
  4536 | Abyss:1  | Noticed an ancient zyme
  4563 | Abyss:1  | Noticed a chaos spawn
  4565 | Abyss:1  | Noticed an ancient zyme
  4592 | Abyss:1  | Noticed a fire bat
  4592 | Abyss:1  | Noticed a fire bat
  4592 | Abyss:1  | XOM: scenery: create altars
  4677 | Abyss:1  | Noticed a wretched star
  4753 | Abyss:1  | XOM: medium Divn miscast
  4777 | D:5      | Escaped the Abyss
  4779 | D:5      | Crazy Yiuf changed into Crazy Yiuf the hound
  4779 | D:5      | XOM: polymorph Crazy Yiuf -> Crazy Yiuf the hound
  4785 | D:5      | XOM: swap monsters
  4912 | D:5      | XOM: colour smoke trail
  5108 | D:5      | Found a shattered altar of Ashenzari.
  5118 | D:5      | XOM: medium Chrm miscast
  5126 | D:5      | Reached skill level 5 in Long Blades
  5148 | D:5      | Reached XP level 8. HP: 55/60 MP: 9/9
  5180 | D:5      | XOM: enchant monster (bad)
  5325 | D:5      | Found a snail-covered altar of Cheibriados.
  5409 | D:5      | Found an iron altar of Okawaru.
  5676 | D:6      | Found a burning altar of Makhleb.
  5787 | D:6      | XOM: polymorph worker ant -> giant frog
  5921 | D:6      | XOM: scenery: create altars
  5966 | D:6      | XOM: summons 4 hostile demons
  6045 | D:6      | XOM: medium Fire miscast
  6300 | D:6      | Reached skill level 5 in Dodging
  6346 | D:6      | XOM: blink monster(s)
  6371 | D:6      | XOM: summons friendly ufetubus
  6382 | D:6      | XOM: blink monster(s)
  6388 | D:6      | Reached skill level 6 in Long Blades
  6390 | D:6      | Killed from afar by an orc priest

Skill      XL: |  1  2  3  4  5  6  7  8 |
---------------+-------------------------+-----
Stealth        | 1 2 3 4 |  4.1
Long Blades    | 4 5 6 |  6.0
Dodging        | 2 3 4 5 |  5.5
Spellcasting   | 1 |  1.3
Necromancy     | 1 |  1.8
Fighting       | 4 |  4.4
Armour         | 3 |  3.4

Action                   |  1- 3 |  4- 6 |  7- 9 || total
-------------------------+-------+-------+-------++-------
Melee: Falchion          |    81 |   214 |   256 ||   551
       Unarmed           |       |     4 |       ||     4
 Cast: Animate Skeleton  |       |     9 |     5 ||    14
 Abil: Breathe Fire      |       |     1 |       ||     1
  Use: Scroll            |     5 |     5 |     5 ||    15
       Potion            |       |     2 |     1 ||     3
 Stab: Sleeping          |       |    11 |     5 ||    16
       Paralysed         |       |     1 |       ||     1
       Petrifying        |       |     1 |       ||     1
       Distracted        |       |       |     2 ||     2
  Eat: Chunk             |     3 |     8 |     1 ||    12
       Meat ration       |       |       |     1 ||     1
       Bread ration      |       |       |     1 ||     1
Armor: Leather armour    |    31 |   116 |   134 ||   281
       Chain mail        |     3 |       |       ||     3
       Skin              |       |     3 |       ||     3
Dodge: Dodged            |    42 |   150 |   175 ||   367
